 Dungeon Crawl Stone Soup version 0.29-a0-72-g1732ff48e7 (webtiles) character file.

Game seed: 6122989577335570023

1043 siradein the Skirmisher (level 8, -7/70 HPs)
             Began as a Ghoul Fighter on Feb 4, 2022.
             Mangled by a gnoll (9 damage)
             ... on level 5 of the Dungeon.
             The game lasted 00:12:47 (6356 turns).

siradein the Skirmisher (Ghoul Fighter)             Turns: 6356, Time: 00:12:47

Health: -7/70      AC: 13    Str: 26    XL:     8   Next: 25%
Magic:  0/7        EV:  6    Int:  3    God:
Gold:   259        SH:  5    Dex: 10    Spells: 7/7 levels left

rFire   . . .      SeeInvis +   a - +0 flail
rCold   + . .      Faith    .   c - +0 buckler
rNeg    + + +      Spirit   +   p - +0 plate armour
rPois   ∞          Reflect  .   (no helmet)
rElec   .          Harm     .   k - +0 cloak
rCorr   .          Rampage  .   (no gloves)
Will    .....                   (no boots)
Stlth   ..........              i - amulet of guardian spirit
HPRegen 0.00/turn               e - ring of see invisible
MPRegen 0.10/turn               z - +6 ring of strength

@: inhibited regen
A: claws 1, cold resistance 1, negative energy resistance 3, inhibited
regeneration, torment resistance 2
a: no special abilities


You were on level 5 of the Dungeon.
You visited 1 branch of the dungeon, and saw 6 of its levels.

You collected 259 gold pieces.

Inventory:

Hand Weapons
 a - a +0 flail (weapon)
Missiles
 l - 3 javelins
 s - 11 poisoned darts
 A - 3 boomerangs (quivered)
Armour
 c - a +0 buckler (worn)
 k - a +0 cloak (worn)
 p - a +0 plate armour (worn)
 x - a scarf of repulsion
Jewellery
 e - a ring of see invisible (left claw)
 i - an amulet of guardian spirit (around neck)
 n - a ring of protection from cold
 w - a ring of willpower
 z - a +6 ring of strength (right claw)
Wands
 v - a wand of paralysis (10)
Scrolls
 b - a scroll of fear
 f - a scroll of immolation
 g - 3 scrolls of teleportation
 h - 2 scrolls of amnesia {unknown}
 q - 2 scrolls of magic mapping
 t - 2 scrolls of enchant armour {unknown}
 y - a scroll of vulnerability {unknown}
 B - a scroll of identify
Potions
 d - a potion of might
 j - a potion of brilliance
 m - a potion of degeneration {unknown}
 o - 2 potions of attraction {unknown}
 r - a potion of lignification {unknown}
 u - a potion of curing {unknown}


   Skills:
 + Level 6.0 Fighting
 + Level 4.5 Maces & Flails
 + Level 5.0 Armour
 + Level 5.1 Shields


You had 7 spell levels left.
You didn't know any spells.
Your spell library contained the following spells:

 Spells                   Type           Power      Damage    Failure   Level
 Irradiate                Conj/Tmut      0%         3d13      100%        5
 Summon Hydra             Summ           0%         N/A       100%        7
 Sublimation of Blood     Necr           Unusable   N/A       N/A         2
 Wereblood                Tmut           Unusable   N/A       N/A         2
 Blade Hands              Tmut           Unusable   N/A       N/A         5
 Dragon Form              Tmut           Unusable   N/A       N/A         7

Dungeon Overview and Level Annotations

Branches:
Dungeon (6/15)
 Temple: D:4-7

Altars:

Annotations:
D:5 Edmund, Eustachio


Innate Abilities, Weirdness & Mutations

You thrive by killing the living.
You are immune to poison.
You have sharp fingernails.
Your flesh is cold resistant. (rC+)
You are immune to negative energy. (rN+++)
You do not regenerate when monsters are visible.
You are immune to unholy pain and torment.


Message History

You closely miss the gnoll.
The gnoll's inner flame fades away.
The bat closely misses you. You block the bat's attack.
The bat barely misses you. The gnoll hits you but does no damage.
There is a stone staircase leading up here.
You closely miss the gnoll.
Edmund's inner flame fades away.
Eustachio's inner flame fades away.
You block the bat's attack. The gnoll hits you but does no damage.
The bat hits you but does no damage.
Eustachio gestures wildly while chanting.
Eustachio blinks!
The gnoll barely misses you.
You sock the bat!
You kill the bat!
The bat's corpse disappears in a puff of smoke!
The gnoll hits you with a +0 flail.
* * * LOW HITPOINT WARNING * * *
You block the gnoll's attack.
The quokka bites you but does no damage.
The gnoll barely misses you.
Eustachio says, "My allies will avenge me."
You block the quokka's attack. The gnoll hits you with a +0 flail.
* * * LOW HITPOINT WARNING * * *
You block the quokka's attack.
The quokka bites you but does no damage.
The quokka barely misses you.
The quokka bites you but does no damage.
You barely miss Edmund.
Edmund is almost dead.
The quokka bites you but does no damage. x2
The gnoll hits you but does no damage. Edmund hits you but does no damage.
The quokka barely misses you.
The quokka bites you but does no damage.
You closely miss Edmund.
Edmund is almost dead.
The gnoll hits you with a +1 flail of protection.
* * * LOW HITPOINT WARNING * * *
Edmund hits you with a +3 flail of protection.
* * * LOW HITPOINT WARNING * * *
The quokka bites you but does no damage. x2
Eustachio barely misses you.
The gnoll hits you with a +1 flail of protection!
You die...

### #.######
### ####
#..##..# #..
#..###.<.#..#
### ##
#....#..rg@##
# .##
##.....gr.##
..##
#......@@#
...#
#.......##
...##
##......##
....##
#.......#
.....#
##......#
.....##
##.....#
......#
#.....#


You could see Edmund, Eustachio, 2 gnolls and 2 quokkas.

Vanquished Creatures
  A sky beast (D:6)
  2 ogres
  A scorpion (D:6)
  A howler monkey (D:3)
  5 hounds
  A bullfrog zombie (D:5)
  A centaur skeleton (D:4)
  2 jellies
  A gnoll shaman (D:5)
  4 orc priests
  An orc wizard (D:5)
  A hound skeleton (D:5)
  4 adders
  5 gnolls
  3 shadow imps
  A white imp (D:3)
  3 worms
  A dart slug (D:2)
  20 orcs
  6 bats
  9 endoplasms
  2 giant cockroaches
  9 goblins
  6 hobgoblins
  6 jackals
  2 kobolds (D:3)
  2 quokkas (D:1)
  8 ball pythons
  4 frilled lizards
  5 rats
117 creatures vanquished.

Vanquished Creatures (others)
  2 fungi (D:6)
2 creatures vanquished.

Grand Total: 119 creatures vanquished

Notes
Turn   | Place    | Note
-------+----------+-------------------------------------------
     0 | D:1      | siradein the Ghoul Fighter began the quest for the Orb.
     0 | D:1      | Reached XP level 1. HP: 19/19 MP: 0/0
   176 | D:1      | Reached XP level 2. HP: 22/26 MP: 1/1
   815 | D:1      | Reached XP level 3. HP: 28/31 MP: 2/2
  1144 | D:2      | Found a faded altar of an unknown god.
  1799 | D:2      | Reached XP level 4. HP: 40/40 MP: 3/3
  2023 | D:3      | Reached skill level 4 in Fighting
  2257 | D:3      | You fall into a shaft and drop 1 floor!
  2275 | D:4      | Reached XP level 5. HP: 45/46 MP: 2/4
  3224 | D:3      | Reached XP level 6. HP: 33/53 MP: 2/5
  4308 | D:5      | Entered Level 5 of the Dungeon
  4333 | D:5      | Reached skill level 5 in Fighting
  4333 | D:5      | Reached XP level 7. HP: 59/61 MP: 6/6
  5938 | D:6      | Reached XP level 8. HP: 69/70 MP: 5/7
  5986 | D:6      | Reached skill level 6 in Fighting
  5986 | D:6      | Reached skill level 5 in Shields
  6010 | D:6      | Noticed Eustachio
  6153 | D:6      | Noticed Edmund
  6164 | D:5      | Reached skill level 5 in Armour
  6355 | D:5      | HP: 3/70 [gnoll (4)]
  6356 | D:5      | Mangled by a gnoll

Illustrated notes

Levels and vault maps discovered:
D:1:      lightli_arrival_flooded_house, layout_loops_ring
D:2:      layout_loops_corners, dreamdust_ecumenical_altar_statues,
          minmay_tromino_v2
D:3:      layout_basic
D:4:      layout_rooms, st_stairs_3
D:5:      layout_cave_pods
D:6:      layout_cave_pools, mainiacjoe_overflow_two_lobes, temple_fountains,
          serial_park, serial_park_square1 [serial_park_minivault_5x5_3],
          serial_park_tiny_1, serial_park_square2, serial_park_square3
          [serial_park_minivault_5x5_6], uniq_eustachio, uniq_edmund,
          uniq_maggie

Skill      XL: |  1  2  3  4  5  6  7  8 |
---------------+-------------------------+-----
Maces & Flails | 2 3 4 |  4.5
Armour         | 3 4 5 |  5.0
Shields        | 3 4 5 |  5.1
Fighting       | 4 5 6 |  6.0

Action                   |  1- 3 |  4- 6 |  7- 9 || total
-------------------------+-------+-------+-------++-------
Melee: Flail             |   119 |   201 |   129 ||   449
  Use: Scroll            |       |     1 |     6 ||     7
Armor: Scale mail        |    66 |     3 |       ||    69
       Plate armour      |       |   119 |   134 ||   253
Dodge: Dodged            |    77 |    55 |    51 ||   183
Block: Buckler           |    26 |    46 |    37 ||   109

Table legend: (Time is in decaauts)
 A = Elapsed time spent in this place.
 B = Non-inter-level travel time spent in this place.
 C = Inter-level travel time spent in this place.
 D = Time resting spent in this place.
 E = Time spent auto-exploring this place.
 F = Levels seen in this place.
 G = Mean time per level.
                   A        B        C        D        E       F      G
               +--------+--------+--------+--------+--------+-----+--------+
         Total |   6497 |   6245 |    252 |   1214 |   3723 |   6 | 1082.8 |
       Dungeon |   6497 |   6245 |    252 |   1214 |   3723 |   6 | 1082.8 |
               +--------+--------+--------+--------+--------+-----+--------+

Top non-repeatable levels by time:
     D:5: 1656 daAuts
     D:3: 1459 daAuts
     D:4: 1290 daAuts
     D:1: 983 daAuts
     D:2: 907 daAuts
     D:6: 200 daAuts
